 Dungeon Sprint DCSS version 0.19-a0-1513-gf6d23ed (webtiles) character file.

9702 poirepourri the Imperceptible (level 11, -5/47 HPs)
             Began as a Spriggan Enchanter on Sept 12, 2016.
             Was the Champion of Dithmenos.
             Slain by a demonic crawler (8 damage)
             ... in the Dungeon (Sprint IV: "Fedhas' Mad Dash").
             The game lasted 00:06:38 (3510 turns).

poirepourri the Imperceptible (Spriggan Enchanter)  Turns: 3510, Time: 00:06:39

Health: -5/47      AC:  4    Str:  4    XL:     11   Next: 26%
Magic:  30/30      EV: 29    Int: 24    God:    Dithmenos [******]
Gold:   6          SH:  0    Dex: 19    Spells: 5 memorised, 27 levels left

rFire  + . .     SeeInvis +     a - +3 dagger
rCold  + . .     Gourm    .     j - +2 robe {rF+}
rNeg   . . .     Faith    .     (shield restricted)
rPois  .         Spirit   .     (helmet restricted)
rElec  +         Dismiss  .     (no cloak)
rCorr  .         Reflect  .     (gloves unavailable)
MR     +....     Harm     .     (boots unavailable)
Stlth  +++++..... NoTele   +    m - amulet "Voinet" {RegenMP rElec rC+}
                                k - ring of loudness (curse)
                                h - +6 ring of intelligence

@: confused, wreathed by umbra, very quick
A: unfitting armour, see invisible, herbivore 3, speed 3, slow metabolism 2
a: Shadow Step, Shadow Form, Renounce Religion


You were in the Dungeon.
You worshipped Dithmenos.
Dithmenos was exalted by your worship.
You were not hungry.

You visited 1 branch You collected 284 gold pieces.
You spent 278 gold pieces at shops.

Inventory:

Hand Weapons
 a - a +3 dagger (weapon)
Armour
 b - a +1 robe
 j - a +2 robe of fire resistance (worn)
 n - a +0 buckler
Jewellery
 h - a +6 ring of intelligence (left hand)
 i - the amulet of invisibility {+Inv}
   (You found it in the Dungeon)

   [amulet of nothing]

   It lets you turn invisible.
 k - a cursed ring of loudness (right hand)
 m - the amulet "Voinet" (around neck) {RegenMP rElec rC+}
   (You found it in the Dungeon)

   [amulet of magic regeneration]

   It increases your magic regeneration.
   It protects you from cold.
   It insulates you from electricity.
Potions
 e - a potion of curing
 g - 2 potions of haste
Books
 c - a book of Maledictions

   Spells                             Type                      Level
   a - Corona                         Hexes                        1
   b - Ensorcelled Hibernation        Hexes/Ice                    2
   c - Confuse                        Hexes                        3
   d - Tukima's Dance                 Hexes                        3
   e - Dazzling Spray                 Conjuration/Hexes            3
 l - a book of the Warp

   Spells                             Type                      Level
   a - Gell's Gravitas                Hexes/Translocation          3
   b - Force Lance                    Conjuration/Translocation    4
   c - Summon Forest                  Summoning/Translocation      5
   d - Dispersal                      Translocation                6
   e - Controlled Blink               Translocation                8
   f - Disjunction                    Translocation                8
Comestibles
 d - a bread ration
 f - 2 royal jellies


   Skills:
 + Level 5.1 Short Blades
 + Level 11.8 Dodging
 + Level 24.3 Stealth
 + Level 14.7 Spellcasting
 + Level 5.4 Conjurations
 + Level 14.2 Hexes
 + Level 4.1 Ice Magic
 + Level 1.7 Invocations


You had 27 spell levels left.
You knew the following spells:

 Your Spells              Type           Power        Failure   Level  Hunger
a - Corona                Hex            ######.      0%          1    None
b - Ensorcelled Hibernat  Hex/Ice        ######       1%          2    None
c - Confuse               Hex            ######..     1%          3    None
d - Tukima's Dance        Hex            ######..     1%          3    None
e - Dazzling Spray        Conj/Hex       ######       1%          3    None


Dungeon Overview and Level Annotations

Branches:
Dungeon (1/1)

Altars:
Cheibriados
Dithmenos
Elyvilon
Gozag
Hepliaklqana
Kikubaaqudgha
Makhleb
Nemelex Xobeh
Okawaru
Qazlal
Ru
Sif Muna
Trog
Uskayaw
Vehumet
Xom
Yredelemnul
Zin
The Shining One
Beogh
Jiyva
Lugonu

Shops:
D (*(:*(}((**


Innate Abilities, Weirdness & Mutations

You are tiny and cannot use many weapons and most armour.
You have supernaturally acute eyesight. (SInv)
You are a herbivore.
You cover ground extremely quickly.
You need consume almost no food.


Message History

Unknown command.
The giant spore explodes!
A fungus suddenly grows. x2; The explosion of spores engulfs you!
You are confused.
Ouch! That really hurt!
* * * LOW HITPOINT WARNING * * *
You emit a cloud of dark smoke.
The ghost moth appears confused.
The explosion of spores engulfs the ghost moth.
The explosion of spores engulfs the demonic crawler.
The explosion of spores engulfs the ballistomycete.
You're too confused!
Unknown command.
You're too confused!
Unknown command.
The demonic crawler hits you!
* * * LOW HITPOINT WARNING * * *
You emit a cloud of dark smoke.
The demonic crawler completely misses you.
The demonic crawler hits you!
You die...

#...♣........'...#.⌠._
#......♣.....#...#####
#.†...♣..♣..######♣♣♣♣
##'####'######..'.....
#(.#....'.......#♣..♣♣
#..#..###.......#.♣♣.)
######################
#%%.y§§§§.............
#∩.y§@PP.............P
#∩..Ps§§.....)......)P
#∩..§§§§§............P
###########+##########
*,,,,,,,,,,* ***,
*,,,,,,,,,,* *,,,
***,,,,,,*** *,,,
***,,,** **,,,
*,,,,****,,,,


You could see a ghost moth (confused), a demonic crawler, an active
ballistomycete and a wasp.

Vanquished Creatures
  Agnes (D)
  A spriggan defender (D)
  A spriggan berserker (D)
  A spriggan druid (D)
  6 oklob plants (D)
  A demonic crawler (D)
  3 wandering mushrooms (D)
  3 burning bushes (D)
  A queen bee (D)
  2 wasps (D)
  2 scorpions (D)
  4 killer bees (D)
  5 oklob saplings (D)
  A worker ant (D)
  7 spriggans (D)
  A river rat (D)
  A rat (D)
  A ballistomycete (D)
  A giant spore (D)
43 creatures vanquished.

Vanquished Creatures (others)
  A giant spore (D)
1 creature vanquished.

Grand Total: 44 creatures vanquished

Notes
Turn   | Place    | Note
-------+----------+-------------------------------------------
     0 | D        | poirepourri the Spriggan Enchanter began the quest for the Orb.
     0 | D        | Reached XP level 1. HP: 9/9 MP: 5/5
   130 | D        | Reached skill level 5 in Stealth
   130 | D        | Reached XP level 2. HP: 13/13 MP: 4/7
   141 | D        | Learned a level 2 spell: Ensorcelled Hibernation
   174 | D        | Noticed an oklob sapling
   178 | D        | Killed an oklob sapling
   178 | D        | Reached skill level 7 in Stealth
   178 | D        | Reached skill level 5 in Hexes
   178 | D        | Reached XP level 3. HP: 16/16 MP: 6/9
   184 | D        | Reached skill level 5 in Dodging
   324 | D        | Noticed an oklob sapling
   327 | D        | Killed an oklob sapling
   327 | D        | Reached skill level 8 in Stealth
   327 | D        | Reached skill level 5 in Spellcasting
   327 | D        | Reached XP level 4. HP: 21/21 MP: 12/12
   340 | D        | Found an opulent altar of Gozag.
   340 | D        | Found a hazy altar of Hepliaklqana.
   340 | D        | Found a burning altar of Makhleb.
   340 | D        | Found a roughly hewn altar of Beogh.
   340 | D        | Found a sparkling altar of Nemelex Xobeh.
   340 | D        | Found a snail-covered altar of Cheibriados.
   340 | D        | Found a sacrificial altar of Ru.
   340 | D        | Found a deep blue altar of Sif Muna.
   340 | D        | Found a shimmering altar of Xom.
   340 | D        | Found a basalt altar of Yredelemnul.
   341 | D        | Found a viscous altar of Jiyva.
   341 | D        | Found a bloodstained altar of Trog.
   342 | D        | Found an iron altar of Okawaru.
   342 | D        | Found a shadowy altar of Dithmenos.
   342 | D        | Found a glowing silver altar of Zin.
   343 | D        | Found an ancient bone altar of Kikubaaqudgha.
   343 | D        | Found a corrupted altar of Lugonu.
   343 | D        | Found a stormy altar of Qazlal.
   343 | D        | Found a white marble altar of Elyvilon.
   343 | D        | Found a hide-covered altar of Uskayaw.
   343 | D        | Found a radiant altar of Vehumet.
   343 | D        | Found a glowing golden altar of the Shining One.
   344 | D        | Reached skill level 9 in Stealth
   353 | D        | Became a worshipper of Dithmenos the Shadowed
   358 | D        | Learned a level 3 spell: Confuse
   362 | D        | Learned a level 3 spell: Tukima's Dance
   366 | D        | Learned a level 3 spell: Dazzling Spray
   376 | D        | Reached skill level 10 in Stealth
   376 | D        | Reached XP level 5. HP: 24/24 MP: 12/14
   412 | D        | Reached * piety under Dithmenos
   412 | D        | Reached skill level 11 in Stealth
   416 | D        | Reached skill level 1 in Ice Magic
   752 | D        | Found Juutoam's General Store.
   752 | D        | Found Zajiew's Book Emporium.
   761 | D        | Noticed a burning bush
   761 | D        | Noticed a wandering mushroom
   762 | D        | Noticed a wandering mushroom
   764 | D        | Killed a wandering mushroom
   764 | D        | Reached skill level 12 in Stealth
   764 | D        | Reached XP level 6. HP: 28/28 MP: 16/18
   766 | D        | Reached ** piety under Dithmenos
   766 | D        | Reached skill level 10 in Hexes
   766 | D        | Reached XP level 7. HP: 32/32 MP: 17/20
   768 | D        | Killed a wandering mushroom
   768 | D        | Reached skill level 13 in Stealth
  1782 | D        | Noticed a queen bee
  1789 | D        | Killed a queen bee
  1789 | D        | Reached skill level 14 in Stealth
  1789 | D        | Reached skill level 10 in Spellcasting
  1789 | D        | Reached skill level 1 in Conjurations
  1791 | D        | Reached XP level 8. HP: 36/36 MP: 21/23
  1793 | D        | Reached *** piety under Dithmenos
  1799 | D        | Noticed an oklob plant
  1802 | D        | Killed an oklob plant
  1802 | D        | Reached skill level 15 in Stealth
  1816 | D        | Noticed a burning bush
  1820 | D        | Killed a burning bush
  1820 | D        | Reached **** piety under Dithmenos
  1820 | D        | Reached skill level 10 in Dodging
  1839 | D        | Noticed a burning bush
  1839 | D        | Noticed an oklob plant
  1840 | D        | Noticed a wandering mushroom
  1841 | D        | Killed a burning bush
  1846 | D        | Killed an oklob plant
  1846 | D        | Reached skill level 16 in Stealth
  1846 | D        | Reached XP level 9. HP: 39/39 MP: 25/25
  1863 | D        | Reached ***** piety under Dithmenos
  2204 | D        | Noticed a spriggan druid
  2206 | D        | Killed a spriggan druid
  2206 | D        | Reached skill level 17 in Stealth
  2206 | D        | Reached skill level 5 in Conjurations
  2267 | D        | Bought a scroll of magic mapping for 49 gold pieces
  2280 | D        | Killed a burning bush
  2290 | D        | Found Misk's Weapon Emporium.
  2290 | D        | Found Deisalip's Weapon Shoppe.
  2372 | D        | Noticed an oklob plant conjurer
  2374 | D        | Killed an oklob plant conjurer
  2374 | D        | Reached skill level 18 in Stealth
  2488 | D        | HP: 1/39 [something (38)]
  2992 | D        | Noticed an oklob plant
  2992 | D        | Noticed an oklob plant summoner
  2993 | D        | Noticed an oklob plant shifter
  2994 | D        | Killed an oklob plant
  2994 | D        | Reached skill level 19 in Stealth
  2994 | D        | Reached XP level 10. HP: 44/44 MP: 22/27
  2996 | D        | Killed an oklob plant shifter
  2997 | D        | Killed an oklob plant summoner
  3172 | D        | Reached skill level 20 in Stealth
  3372 | D        | Noticed a spriggan rider
  3373 | D        | Found Enuar's Assorted Antiques.
  3377 | D        | Found Emygix's Assorted Antiques.
  3381 | D        | Killed a spriggan rider
  3381 | D        | Reached skill level 21 in Stealth
  3392 | D        | Got a smoking jade amulet
  3400 | D        | Bought a scroll labeled JESKIMISHR NEPTA for 32 gold pieces
  3400 | D        | Bought a scroll labeled IMEIBOS DAAR for 32 gold pieces
  3402 | D        | Bought a scroll of immolation for 77 gold pieces
  3402 | D        | Bought a scroll labeled WYCITW SOSS for 22 gold pieces
  3402 | D        | Bought a scroll labeled TEGIGU MEKEL for 22 gold pieces
  3402 | D        | Bought a scroll labeled JESKIMISHR NEPTA for 22 gold pieces
  3402 | D        | Bought a scroll labeled SANOEVUSENIMN for 22 gold pieces
  3409 | D        | Identified the amulet "Voinet" {RegenMP rElec rC+} (You found it in the Dungeon)
  3430 | D        | Noticed Agnes
  3432 | D        | Found Gusmilia's Weapon Emporium.
  3432 | D        | Noticed a spriggan berserker
  3434 | D        | Found Lohotuz's Gadget Shoppe.
  3436 | D        | Killed Agnes
  3436 | D        | Reached skill level 22 in Stealth
  3436 | D        | Reached skill level 1 in Invocations
  3440 | D        | Killed a spriggan berserker
  3440 | D        | Reached ****** piety under Dithmenos
  3440 | D        | Reached skill level 23 in Stealth
  3440 | D        | Reached XP level 11. HP: 47/47 MP: 30/30
  3446 | D        | Noticed a spriggan defender
  3453 | D        | Killed a spriggan defender
  3453 | D        | Reached skill level 5 in Short Blades
  3482 | D        | Noticed a spriggan rider
  3491 | D        | Killed a spriggan rider
  3491 | D        | Reached skill level 24 in Stealth
  3504 | D        | Noticed a ghost moth
  3505 | D        | Found Savaigam's Assorted Antiques.
  3505 | D        | Found Zunus's Weapon Emporium.
  3505 | D        | Found Ifeunuxo's Weapon Shoppe.
  3510 | D        | Slain by a demonic crawler

Vault maps used:
D:        dungeon_sprint_fedhas

Skill      XL: |  1  2  3  4  5  6  7  8  9 10 11 |
---------------+----------------------------------+-----
Stealth        | 5 7 8 10 12 14 16 19 23 24 | 24.3
Spellcasting   | 3 4 5 6 8 10 11 12 14 | 14.7
Hexes          | 4 5 6 8 9 10 12 13 14 | 14.2
Dodging        | 4 5 6 8 9 10 11 | 11.8
Short Blades   | 2 3 4 5 |  5.1
Ice Magic      | 3 4 |  4.1
Conjurations   | 1 4 5 |  5.4
Invocations    | 1 |  1.7

Action                   |  1- 3 |  4- 6 |  7- 9 | 10-12 || total
-------------------------+-------+-------+-------+-------++-------
Melee: Dagger            |    28 |     7 |    59 |    13 ||   107
 Cast: Corona            |     2 |       |       |       ||     2
       Ensorcelled Hiber |       |    13 |       |       ||    13
       Dazzling Spray    |       |       |    28 |       ||    28
       Confuse           |       |       |     3 |     5 ||     8
Invok: Shadow Step       |       |       |     1 |     1 ||     2
  Use: Potion            |     2 |     2 |     1 |       ||     5
       Scroll            |       |     1 |     3 |     7 ||    11
 Stab: Sleeping          |     1 |     7 |    14 |    10 ||    32
       Confused          |       |       |     4 |     2 ||     6
  Eat: Royal jelly       |       |       |     1 |       ||     1
Armor: Robe              |     2 |       |       |     2 ||     4
Dodge: Dodged            |    13 |     6 |     8 |    10 ||    37
